[ AOE2 MATCH · #473402081 ]
UnrankedGoths vs Magyars
[ REPLAY ANALYSIS · EXTRACTED FROM THE RECORDED GAME ]
Feudal
10:52
Castle
21:32
Imperial
—
| APM avg | 22.2 |
| APM peak | 57 |
| eAPM avg | 14.8 |
| Villagers / military | 42 / 23 |
Focus
⚔️ 26.6% · 🌾 73.4%
Militia ×23
Feudal
10:49
Castle
17:19
Imperial
—
| APM avg | 14.1 |
| APM peak | 40 |
| eAPM avg | 8.3 |
| Villagers / military | 25 / 5 |
Focus
⚔️ 19.8% · 🌾 80.2%
Skirmisher ×5
Feudal
11:52
Castle
—
Imperial
—
| APM avg | 13.3 |
| APM peak | 29 |
| eAPM avg | 7.7 |
| Villagers / military | 40 / 4 |
Focus
⚔️ 11.8% · 🌾 88.2%
Spearman ×4
Feudal
12:42
Castle
—
Imperial
—
| APM avg | 10.6 |
| APM peak | 31 |
| eAPM avg | 6.8 |
| Villagers / military | 38 / 11 |
Focus
⚔️ 17.3% · 🌾 82.7%
Militia ×11
Feudal
12:35
Castle
21:42
Imperial
—
| APM avg | 9.0 |
| APM peak | 24 |
| eAPM avg | 6.7 |
| Villagers / military | 33 / 3 |
Focus
⚔️ 12.5% · 🌾 87.5%
Spearman ×3 · Trade Cart ×3
Feudal
10:00
Castle
19:48
Imperial
—
| APM avg | 19.6 |
| APM peak | 66 |
| eAPM avg | 10.8 |
| Villagers / military | 44 / 0 |
Focus
⚔️ 2.5% · 🌾 97.5%
Feudal
11:29
Castle
17:32
Imperial
—
| APM avg | 14.6 |
| APM peak | 34 |
| eAPM avg | 7.6 |
| Villagers / military | 38 / 13 |
Focus
⚔️ 20.4% · 🌾 79.6%
Archer ×13
Feudal
9:32
Castle
13:36
Imperial
—
| APM avg | 28.4 |
| APM peak | 59 |
| eAPM avg | 12.5 |
| Villagers / military | 61 / 22 |
Focus
⚔️ 15.9% · 🌾 84.1%
Conquistador ×9 · Scout Cavalry ×7 · Battering Ram ×6
Match map
Initial resources + every placement click. Lines = walls · curves = elevation contours. ◆ gold · ⬟ stone · ● berries · ✦ relic · ◌ wall gap
Your base· ✓ Closed at 21:32 · 0t walls · 4 gate(s)
Ing.Shamer's base· ✓ Closed at 17:19 · 0t walls · 4 gate(s)
MAOC DSW's base· ✓ Closed at 18:33 · 32t walls · 7 gate(s)
aRiPeiCh's base· ✓ Closed at 21:32 · 9t walls · 5 gate(s)
young bulvės's base· ✓ Closed at 21:42 · 45t walls · 3 gate(s)
arda9781's base· ✓ Closed at 19:48 · 0t walls · 4 gate(s)
tobenderwolf05's base· ✓ Closed at 17:32 · 0t walls · 4 gate(s)
MsR money's base· ✓ Closed at 13:36 · 0t walls · 4 gate(s)
Smoothed initial terrain · ◌ = detected wall gap · hover for details
Inputs per minute
— Mighty_Gachiman「兄貴」 - - Ing.Shamer
Build order — Mighty_Gachiman「兄貴」
108 actions detected in the replay
| 0:12 | Build | House |
| 0:13 | Build | House |
| 0:18 | Create | Villager (Male) |
| 0:18 | Create | Villager (Male) |
| 0:18 | Create | Villager (Male) |
| 0:18 | Create | Villager (Male) |
| 0:37 | Research | Loom |
| 0:37 | Create | Villager (Male) |
| 0:38 | Create | Villager (Male) |
| 0:38 | Create | Villager (Male) |
| 2:12 | Create | Villager (Male) |
| 2:13 | Create | Villager (Male) |
| 2:20 | Create | Villager (Male) |
| 2:20 | Create | Villager (Male) |
| 2:34 | Create | Villager (Male) |
| 3:04 | Create | Villager (Male) |
| 3:09 | Create | Villager (Male) |
| 3:55 | Create | Villager (Male) |
| 3:56 | Create | Villager (Male) |
| 4:43 | Build | Lumber Camp |
| 4:45 | Build | House |
| 4:46 | Build | House |
| 4:53 | Create | Villager (Male) |
| 4:53 | Create | Villager (Male) |
| 4:54 | Create | Villager (Male) |
| 4:54 | Create | Villager (Male) |
| 4:54 | Create | Villager (Male) |
| 5:26 | Create | Villager (Male) |
| 5:26 | Create | Villager (Male) |
| 5:36 | Create | Villager (Male) |
| 7:09 | Build | Mill |
| 7:53 | Build | Mill |
| 8:35 | Build | Lumber Camp |
| 8:42 | Research | Feudal Age |
| 10:52 | Age | Feudal Age |
| 10:57 | Create | Villager (Male) |
| 10:57 | Create | Villager (Male) |
| 10:58 | Create | Villager (Male) |
| 10:59 | Create | Villager (Male) |
| 11:26 | Build | Farm |
| 11:26 | Build | Farm |
| 11:27 | Build | Farm |
| 11:27 | Build | Farm |
| 12:01 | Build | Mining Camp |
| 12:05 | Create | Villager (Male) |
| 12:05 | Create | Villager (Male) |
| 12:08 | Research | Wheelbarrow |
| 12:10 | Research | Double-Bit Axe |
| 12:12 | Research | Horse Collar |
| 12:16 | Build | House |
| 12:17 | Build | House |
| 12:18 | Build | House |
| 12:21 | Build | House |
| 12:22 | Build | House |
| 12:26 | Build | House |
| 12:28 | Build | House |
| 12:29 | Build | House |
| 12:31 | Build | House |
| 12:44 | Create | Villager (Male) |
| 12:46 | Create | Villager (Male) |
| 13:02 | Create | Villager (Male) |
| 13:31 | Research | Gold Mining |
| 13:31 | Research | Stone Mining |
| 13:40 | Build | Barracks |
| 13:42 | Build | Barracks |
| 14:32 | Create | Villager (Male) |
| 15:00 | Create | Villager (Male) |
| 15:16 | Research | Man-at-Arms (upgrade) |
| 15:19 | Create | Villager (Male) |
| 15:19 | Create | Villager (Male) |
| 15:34 | Build | Blacksmith |
| 15:47 | Build | Market |
| 15:52 | Create | Villager (Male) |
| 15:52 | Create | Villager (Male) |
| 15:52 | Create | Villager (Male) |
| 16:39 | Build | Lumber Camp |
| 16:54 | Build | Mining Camp |
| 17:24 | Create | Villager (Male) |
| 17:25 | Create | Villager (Male) |
| 17:47 | Research | Castle Age |
| 17:52 | Build | Farm |
| 17:52 | Build | Farm |
| 17:52 | Build | Farm |
| 17:52 | Build | Farm |
| 17:53 | Build | Farm |
| 17:53 | Build | Farm |
| 18:02 | Create | Militia ×2 |
| 18:25 | Create | Militia |
| 18:26 | Create | Militia |
| 18:40 | Create | Militia |
| 18:43 | Create | Militia ×5 |
| 19:10 | Research | Scale Mail Armor |
| 19:10 | Research | Scale Barding Armor |
| 19:55 | Research | Forging |
| 19:58 | Create | Militia |
| 20:10 | Create | Militia |
| 20:11 | Create | Militia |
| 20:11 | Create | Militia |
| 20:11 | Create | Militia |
| 20:12 | Create | Militia |
| 20:13 | Create | Militia |
| 20:13 | Create | Militia |
| 21:13 | Create | Militia ×5 |
| 21:32 | Age | Castle Age |
| 22:00 | Research | Hand Cart |
| 22:13 | Research | Bow Saw |
| 22:17 | Research | Heavy Plow |
| 22:22 | Research | Stone Shaft Mining |
Build order — Ing.Shamer
69 actions detected in the replay
| 0:05 | Research | Loom |
| 0:05 | Create | Villager (Male) ×4 |
| 0:09 | Build | House |
| 0:11 | Build | House |
| 0:31 | Build | House |
| 0:54 | Build | House |
| 2:15 | Create | Villager (Male) |
| 2:34 | Create | Villager (Male) |
| 2:58 | Create | Villager (Male) |
| 3:24 | Create | Villager (Male) |
| 3:44 | Create | Villager (Male) |
| 4:15 | Create | Villager (Male) |
| 4:28 | Create | Villager (Male) |
| 4:29 | Create | Villager (Male) |
| 4:29 | Create | Villager (Male) |
| 5:05 | Create | Villager (Male) |
| 5:11 | Build | Mill |
| 5:31 | Create | Villager (Male) |
| 6:08 | Create | Villager (Male) |
| 6:41 | Create | Villager (Male) |
| 7:12 | Build | Mining Camp |
| 7:17 | Create | Villager (Male) |
| 8:14 | Create | Villager (Male) |
| 8:22 | Research | Feudal Age |
| 8:30 | Build | Lumber Camp |
| 8:56 | Build | House |
| 9:02 | Build | House |
| 9:12 | Build | House |
| 9:29 | Build | House |
| 9:35 | Build | House |
| 10:07 | Build | Farm |
| 10:07 | Build | Farm |
| 10:07 | Build | Farm |
| 10:08 | Build | Farm |
| 10:08 | Build | Farm |
| 10:15 | Build | Farm |
| 10:49 | Age | Feudal Age |
| 11:20 | Build | Lumber Camp |
| 11:23 | Create | Villager (Male) |
| 11:47 | Build | Farm |
| 11:53 | Build | Farm |
| 11:53 | Build | Farm |
| 11:54 | Build | Farm |
| 11:54 | Build | Farm |
| 11:54 | Build | Farm |
| 11:58 | Create | Villager (Male) |
| 12:24 | Create | Villager (Male) |
| 12:43 | Build | Blacksmith |
| 12:49 | Create | Villager (Male) |
| 12:59 | Build | Farm |
| 13:01 | Create | Villager (Male) |
| 13:18 | Create | Villager (Male) |
| 13:45 | Build | Market |
| 14:11 | Build | Farm |
| 14:11 | Build | Farm |
| 14:22 | Build | House |
| 14:39 | Research | Castle Age |
| 15:18 | Build | Barracks |
| 15:32 | Build | Mining Camp |
| 16:14 | Build | Archery Range |
| 16:50 | Build | Archery Range |
| 16:56 | Create | Skirmisher |
| 16:56 | Create | Skirmisher |
| 17:19 | Age | Castle Age |
| 17:24 | Build | Siege Workshop |
| 17:43 | Build | Town Center |
| 18:05 | Create | Skirmisher |
| 19:06 | Create | Skirmisher |
| 19:06 | Create | Skirmisher |
Build order — MAOC DSW
94 actions detected in the replay
| 0:02 | Create | Villager (Male) |
| 0:03 | Create | Villager (Male) |
| 0:05 | Build | House |
| 0:08 | Build | House |
| 0:15 | Create | Villager (Male) |
| 0:44 | Create | Villager (Male) |
| 1:47 | Create | Villager (Male) |
| 2:28 | Create | Villager (Male) |
| 2:35 | Create | Villager (Male) |
| 2:56 | Create | Villager (Male) |
| 3:07 | Create | Villager (Male) |
| 4:08 | Create | Villager (Male) |
| 4:15 | Build | House |
| 4:26 | Build | House |
| 4:31 | Build | House |
| 4:51 | Create | Villager (Male) |
| 4:52 | Create | Villager (Male) |
| 5:00 | Create | Villager (Male) |
| 5:15 | Create | Villager (Male) |
| 5:24 | Create | Villager (Male) |
| 5:32 | Build | Mill |
| 5:40 | Create | Villager (Male) |
| 6:45 | Create | Villager (Male) |
| 7:10 | Build | Lumber Camp |
| 7:37 | Create | Villager (Male) |
| 8:17 | Create | Villager (Male) |
| 8:52 | Create | Villager (Male) |
| 9:04 | Build | Mining Camp |
| 9:12 | Research | Loom |
| 9:14 | Create | Villager (Male) |
| 9:29 | Create | Villager (Male) |
| 9:41 | Research | Feudal Age |
| 10:43 | Build | Mining Camp |
| 10:56 | Create | Villager (Male) |
| 11:18 | Build | Barracks |
| 11:23 | Build | House |
| 11:45 | Create | Villager (Male) |
| 11:51 | Create | Villager (Male) |
| 11:52 | Age | Feudal Age |
| 12:06 | Create | Villager (Male) |
| 12:36 | Build | Gate |
| 12:59 | Build | Stone Wall |
| 13:12 | Build | Stone Wall |
| 13:17 | Build | Gate |
| 13:23 | Create | Villager (Male) |
| 13:26 | Build | Farm |
| 13:26 | Build | Farm |
| 13:27 | Build | Farm |
| 13:29 | Create | Villager (Male) |
| 13:36 | Build | Farm |
| 14:03 | Build | Farm |
| 14:05 | Build | Farm |
| 14:11 | Build | Farm |
| 14:11 | Build | Farm |
| 14:11 | Build | Farm |
| 14:12 | Build | Farm |
| 14:19 | Build | Farm |
| 14:26 | Build | Farm |
| 14:28 | Create | Villager (Male) |
| 14:53 | Create | Villager (Male) |
| 15:10 | Build | Stone Wall |
| 15:15 | Build | Gate |
| 15:24 | Create | Spearman |
| 15:42 | Create | Villager (Male) |
| 15:53 | Build | Farm |
| 15:53 | Build | Farm |
| 15:53 | Build | Farm |
| 15:54 | Build | Farm |
| 15:54 | Build | Farm |
| 16:05 | Build | Blacksmith |
| 16:08 | Build | House |
| 16:09 | Build | House |
| 16:10 | Build | House |
| 16:12 | Build | House |
| 16:14 | Build | House |
| 16:19 | Create | Villager (Male) |
| 16:57 | Create | Villager (Male) |
| 17:21 | Create | Villager (Male) |
| 17:31 | Build | Market |
| 17:55 | Create | Villager (Male) |
| 18:00 | Create | Villager (Male) |
| 18:26 | Build | Stable |
| 18:33 | Research | Castle Age |
| 18:37 | Build | Farm |
| 18:51 | Create | Spearman |
| 18:51 | Create | Spearman |
| 18:52 | Create | Spearman |
| 19:11 | Build | Archery Range |
| 19:13 | Create | Villager (Male) |
| 19:20 | Create | Villager (Male) |
| 19:20 | Create | Villager (Male) |
| 19:32 | Build | House |
| 19:33 | Build | House |
| 20:32 | Create | Villager (Male) |
Build order — aRiPeiCh
106 actions detected in the replay
| 0:04 | Create | Villager (Male) |
| 0:04 | Research | Loom |
| 0:05 | Create | Villager (Male) |
| 0:05 | Create | Villager (Male) |
| 0:05 | Create | Villager (Male) |
| 0:06 | Create | Villager (Male) |
| 0:06 | Create | Villager (Male) |
| 0:19 | Build | House |
| 0:20 | Build | House |
| 0:20 | Build | House |
| 0:22 | Build | House |
| 0:24 | Build | House |
| 0:25 | Build | House |
| 2:29 | Create | Villager (Male) |
| 3:09 | Create | Villager (Male) |
| 3:13 | Create | Villager (Male) |
| 3:50 | Create | Villager (Male) |
| 4:29 | Build | Lumber Camp |
| 4:41 | Create | Villager (Male) |
| 4:42 | Create | Villager (Male) |
| 4:42 | Create | Villager (Male) |
| 6:49 | Create | Villager (Male) |
| 6:50 | Create | Villager (Male) |
| 6:51 | Create | Villager (Male) |
| 7:34 | Build | Barracks |
| 8:05 | Build | Mill |
| 8:15 | Create | Villager (Male) |
| 8:15 | Create | Villager (Male) |
| 8:17 | Create | Villager (Male) |
| 8:53 | Create | Villager (Male) |
| 9:17 | Build | Farm |
| 9:21 | Create | Villager (Male) |
| 9:36 | Build | Farm |
| 9:57 | Build | Farm |
| 9:59 | Create | Villager (Male) |
| 10:31 | Build | Mining Camp |
| 10:36 | Research | Feudal Age |
| 10:50 | Build | Mining Camp |
| 11:01 | Build | Farm |
| 11:03 | Build | Farm |
| 11:05 | Build | Farm |
| 11:10 | Build | Farm |
| 11:59 | Create | Villager (Male) |
| 12:00 | Create | Villager (Male) |
| 12:01 | Create | Villager (Male) |
| 12:37 | Build | Barracks |
| 12:42 | Age | Feudal Age |
| 12:47 | Research | Arson |
| 12:48 | Research | Man-at-Arms (upgrade) |
| 12:53 | Research | Double-Bit Axe |
| 13:03 | Research | Horse Collar |
| 13:18 | Build | Blacksmith |
| 13:38 | Research | Gold Mining |
| 13:40 | Research | Stone Mining |
| 14:03 | Create | Villager (Male) |
| 14:21 | Build | Lumber Camp |
| 14:28 | Create | Militia |
| 14:38 | Create | Villager (Male) |
| 14:38 | Create | Villager (Male) |
| 14:53 | Create | Villager (Male) |
| 15:01 | Create | Militia |
| 15:07 | Create | Militia |
| 15:23 | Build | House |
| 15:24 | Build | House |
| 15:25 | Build | House |
| 15:26 | Build | House |
| 15:27 | Build | House |
| 15:29 | Build | House |
| 15:31 | Build | House |
| 15:36 | Create | Villager (Male) |
| 15:43 | Create | Militia |
| 15:44 | Create | Militia |
| 15:54 | Build | Farm |
| 16:00 | Research | Scale Mail Armor |
| 17:04 | Build | Farm |
| 17:05 | Build | Farm |
| 17:08 | Build | Farm |
| 17:10 | Build | Farm |
| 17:12 | Build | Farm |
| 17:16 | Research | Wheelbarrow |
| 17:17 | Create | Villager (Male) |
| 17:17 | Create | Villager (Male) |
| 17:21 | Create | Militia |
| 17:22 | Create | Militia |
| 17:23 | Create | Militia |
| 17:24 | Create | Militia |
| 17:52 | Research | Fletching |
| 17:58 | Create | Villager (Male) |
| 18:10 | Create | Militia |
| 18:14 | Create | Militia |
| 18:58 | Build | Archery Range |
| 19:00 | Build | Archery Range |
| 19:03 | Build | Archery Range |
| 19:04 | Build | Archery Range |
| 19:12 | Build | Gate |
| 19:15 | Build | Farm |
| 19:23 | Create | Villager (Male) |
| 19:24 | Create | Villager (Male) |
| 19:25 | Research | Town Watch |
| 19:43 | Build | Stone Wall |
| 19:50 | Build | Farm |
| 20:05 | Build | Farm |
| 20:07 | Create | Villager (Male) |
| 20:08 | Create | Villager (Male) |
| 20:20 | Create | Villager (Male) |
| 21:32 | Research | Castle Age |
Build order — young bulvės
75 actions detected in the replay
| 0:31 | Build | House |
| 0:38 | Create | Villager (Male) |
| 0:38 | Create | Villager (Male) |
| 0:39 | Create | Villager (Male) |
| 0:39 | Create | Villager (Male) |
| 0:39 | Create | Villager (Male) |
| 1:08 | Build | House |
| 2:09 | Create | Villager (Male) |
| 2:10 | Create | Villager (Male) |
| 2:57 | Create | Villager (Male) |
| 2:57 | Create | Villager (Male) |
| 2:57 | Create | Villager (Male) |
| 3:27 | Create | Villager (Male) |
| 3:28 | Create | Villager (Male) |
| 3:43 | Create | Villager (Male) |
| 3:43 | Create | Villager (Male) |
| 3:59 | Build | Settlement |
| 4:31 | Create | Villager (Male) |
| 5:02 | Create | Villager (Male) |
| 5:36 | Create | Villager (Male) |
| 5:36 | Create | Villager (Male) |
| 6:10 | Create | Villager (Male) |
| 6:10 | Create | Villager (Male) |
| 6:46 | Create | Villager (Male) |
| 6:46 | Create | Villager (Male) |
| 6:46 | Create | Villager (Male) |
| 7:50 | Build | Settlement |
| 8:02 | Create | Villager (Male) |
| 8:28 | Create | Villager (Male) |
| 8:28 | Create | Villager (Male) |
| 8:35 | Build | Farm |
| 9:09 | Build | Farm |
| 10:25 | Research | Feudal Age |
| 11:23 | Build | Settlement |
| 11:43 | Build | Barracks |
| 12:35 | Age | Feudal Age |
| 12:47 | Research | Double-Bit Axe |
| 12:49 | Research | Horse Collar |
| 12:52 | Research | Town Watch |
| 12:54 | Create | Villager (Male) |
| 12:54 | Create | Villager (Male) |
| 13:05 | Build | Stone Wall |
| 13:22 | Build | Stone Wall |
| 13:33 | Build | Stone Wall |
| 13:57 | Create | Villager (Male) |
| 14:13 | Build | Market |
| 14:17 | Research | Gold Mining |
| 14:26 | Research | Wheelbarrow |
| 14:27 | Create | Villager (Male) |
| 14:27 | Create | Villager (Male) |
| 15:19 | Build | Settlement |
| 15:42 | Build | Stone Wall |
| 15:53 | Build | Blacksmith |
| 16:33 | Create | Spearman |
| 16:33 | Create | Spearman |
| 16:33 | Create | Spearman |
| 16:57 | Build | Farm |
| 17:00 | Build | Farm |
| 17:36 | Build | Settlement |
| 17:56 | Create | Villager (Male) |
| 17:56 | Create | Villager (Male) |
| 18:36 | Build | Farm |
| 18:40 | Build | Farm |
| 18:43 | Build | Farm |
| 18:51 | Build | Farm |
| 19:02 | Research | Castle Age |
| 19:26 | Create | Trade Cart |
| 19:26 | Create | Trade Cart |
| 19:27 | Create | Trade Cart |
| 20:51 | Build | Archery Range |
| 20:57 | Build | Archery Range |
| 21:41 | Research | Stone Mining |
| 21:42 | Age | Castle Age |
| 22:11 | Build | Castle |
| 22:16 | Research | Elite Skirmisher (upgrade) |
Build order — arda9781
95 actions detected in the replay
| 0:03 | Build | House |
| 0:04 | Build | House |
| 0:07 | Create | Villager (Male) |
| 0:08 | Create | Villager (Male) |
| 0:08 | Create | Villager (Male) |
| 0:09 | Create | Villager (Male) |
| 0:09 | Create | Villager (Male) |
| 1:31 | Create | Villager (Male) |
| 2:22 | Create | Villager (Male) |
| 2:33 | Create | Villager (Male) |
| 3:01 | Build | Lumber Camp |
| 3:09 | Create | Villager (Male) |
| 3:16 | Create | Villager (Male) |
| 4:00 | Create | Villager (Male) |
| 4:42 | Build | House |
| 4:52 | Create | Villager (Male) |
| 5:04 | Create | Villager (Male) |
| 5:45 | Create | Villager (Male) |
| 5:47 | Create | Villager (Male) |
| 6:24 | Create | Villager (Male) |
| 6:31 | Build | Mill |
| 6:35 | Create | Villager (Male) |
| 7:07 | Build | Lumber Camp |
| 7:19 | Research | Loom |
| 7:19 | Research | Feudal Age |
| 8:53 | Build | House |
| 8:56 | Build | House |
| 8:58 | Build | House |
| 9:17 | Build | Mining Camp |
| 9:36 | Build | Mining Camp |
| 9:40 | Create | Villager (Male) |
| 9:46 | Build | House |
| 9:53 | Create | Villager (Male) |
| 9:57 | Create | Villager (Male) |
| 9:59 | Build | House |
| 10:00 | Age | Feudal Age |
| 10:01 | Build | House |
| 10:03 | Build | House |
| 10:06 | Create | Villager (Male) |
| 10:30 | Research | Double-Bit Axe |
| 10:30 | Research | Double-Bit Axe |
| 10:45 | Create | Villager (Male) |
| 11:09 | Create | Villager (Male) |
| 11:12 | Build | Farm |
| 11:14 | Build | Farm |
| 11:23 | Create | Villager (Male) |
| 11:25 | Build | Farm |
| 11:48 | Build | Farm |
| 12:01 | Create | Villager (Male) |
| 12:13 | Build | Mining Camp |
| 12:17 | Build | Farm |
| 12:19 | Create | Villager (Male) |
| 12:34 | Create | Villager (Male) |
| 12:35 | Build | Farm |
| 13:00 | Build | Farm |
| 13:02 | Create | Villager (Male) |
| 13:21 | Build | Blacksmith |
| 13:26 | Build | Market |
| 13:29 | Build | Farm |
| 13:31 | Create | Villager (Male) |
| 14:03 | Build | Farm |
| 14:15 | Build | Farm |
| 14:39 | Build | Farm |
| 14:44 | Create | Villager (Male) |
| 15:03 | Build | Farm |
| 15:25 | Create | Villager (Male) |
| 15:36 | Create | Villager (Male) |
| 15:38 | Build | Farm |
| 15:41 | Create | Villager (Male) |
| 15:56 | Build | Farm |
| 16:22 | Build | Farm |
| 16:42 | Create | Villager (Male) |
| 17:08 | Research | Castle Age |
| 18:06 | Research | Stone Mining |
| 18:08 | Research | Gold Mining |
| 18:09 | Research | Gold Mining |
| 18:15 | Research | Horse Collar |
| 19:17 | Create | Villager (Male) |
| 19:18 | Create | Villager (Male) |
| 19:18 | Create | Villager (Male) |
| 19:25 | Research | Padded Archer Armor |
| 19:26 | Research | Fletching |
| 19:36 | Build | Barracks |
| 19:48 | Age | Castle Age |
| 20:17 | Build | Town Center |
| 20:21 | Create | Villager (Male) |
| 20:50 | Build | Farm |
| 20:51 | Create | Villager (Male) |
| 20:51 | Create | Villager (Male) |
| 20:53 | Create | Villager (Male) |
| 20:58 | Build | Archery Range |
| 21:06 | Build | Castle |
| 22:21 | Create | Villager (Male) |
| 22:22 | Create | Villager (Male) |
| 22:22 | Create | Villager (Male) |
Build order — tobenderwolf05
96 actions detected in the replay
| 0:03 | Build | House |
| 0:06 | Build | House |
| 0:16 | Create | Villager (Male) |
| 0:17 | Create | Villager (Male) |
| 0:17 | Create | Villager (Male) |
| 0:17 | Create | Villager (Male) |
| 0:17 | Create | Villager (Male) |
| 1:54 | Create | Villager (Male) |
| 2:37 | Create | Villager (Male) |
| 2:37 | Create | Villager (Male) |
| 3:06 | Create | Villager (Male) |
| 3:07 | Create | Villager (Male) |
| 3:56 | Build | Mill |
| 4:26 | Create | Villager (Male) |
| 4:26 | Create | Villager (Male) |
| 4:31 | Build | House |
| 4:52 | Create | Villager (Male) |
| 5:00 | Build | Lumber Camp |
| 5:17 | Create | Villager (Male) |
| 5:18 | Create | Villager (Male) |
| 5:21 | Create | Villager (Male) |
| 5:47 | Build | House |
| 5:50 | Build | House |
| 6:38 | Build | Mining Camp |
| 6:42 | Create | Villager (Male) |
| 6:42 | Create | Villager (Male) |
| 6:43 | Create | Villager (Male) |
| 7:43 | Create | Villager (Male) |
| 7:51 | Create | Villager (Male) |
| 9:19 | Research | Feudal Age |
| 11:26 | Create | Villager (Male) |
| 11:26 | Create | Villager (Male) |
| 11:27 | Create | Villager (Male) |
| 11:28 | Create | Villager (Male) |
| 11:29 | Age | Feudal Age |
| 11:31 | Research | Horse Collar |
| 11:35 | Research | Double-Bit Axe |
| 11:46 | Build | Blacksmith |
| 11:50 | Build | Market |
| 12:01 | Build | Farm |
| 12:11 | Build | Farm |
| 12:16 | Build | Farm |
| 12:20 | Build | Farm |
| 12:25 | Create | Villager (Male) |
| 12:25 | Create | Villager (Male) |
| 13:42 | Build | Barracks |
| 14:26 | Build | Farm |
| 14:30 | Build | Farm |
| 14:34 | Build | Farm |
| 14:39 | Build | Farm |
| 14:43 | Build | Farm |
| 14:48 | Build | Farm |
| 14:52 | Research | Castle Age |
| 15:21 | Build | Archery Range |
| 16:21 | Build | Mining Camp |
| 16:27 | Build | House |
| 16:31 | Build | House |
| 16:34 | Build | House |
| 16:41 | Research | Scale Barding Armor |
| 16:43 | Research | Forging |
| 16:45 | Research | Padded Archer Armor |
| 16:50 | Research | Fletching |
| 16:56 | Create | Archer |
| 16:56 | Create | Archer |
| 16:57 | Create | Archer |
| 16:57 | Create | Archer |
| 16:57 | Create | Archer |
| 16:57 | Create | Archer |
| 17:21 | Research | Wheelbarrow |
| 17:32 | Age | Castle Age |
| 17:47 | Build | Town Center |
| 18:08 | Create | Villager (Male) |
| 18:08 | Create | Villager (Male) |
| 18:08 | Create | Villager (Male) |
| 18:08 | Create | Villager (Male) |
| 18:09 | Create | Villager (Male) |
| 18:09 | Create | Villager (Male) |
| 18:16 | Build | House |
| 18:19 | Build | House |
| 18:22 | Build | House |
| 18:25 | Build | House |
| 18:55 | Research | Heavy Plow |
| 19:27 | Build | Town Center |
| 19:39 | Create | Villager (Male) |
| 19:40 | Create | Villager (Male) |
| 19:40 | Create | Villager (Male) |
| 19:40 | Create | Villager (Male) |
| 19:40 | Create | Villager (Male) |
| 19:56 | Create | Archer |
| 19:56 | Create | Archer |
| 19:57 | Create | Archer |
| 19:57 | Create | Archer |
| 19:57 | Create | Archer |
| 20:10 | Create | Archer |
| 20:11 | Create | Archer |
| 20:41 | Build | Watch Tower |
Build order — MsR money
134 actions detected in the replay
| 0:04 | Build | House |
| 0:09 | Create | Villager (Male) |
| 0:09 | Create | Villager (Male) |
| 0:09 | Create | Villager (Male) |
| 0:09 | Create | Villager (Male) |
| 0:10 | Create | Villager (Male) |
| 0:33 | Build | House |
| 0:36 | Build | House |
| 0:38 | Build | House |
| 1:10 | Research | Loom |
| 1:45 | Create | Villager (Male) |
| 1:46 | Create | Villager (Male) |
| 1:46 | Create | Villager (Male) |
| 2:25 | Create | Villager (Male) |
| 2:25 | Create | Villager (Male) |
| 2:39 | Create | Villager (Male) |
| 2:40 | Create | Villager (Male) |
| 2:53 | Create | Villager (Male) |
| 2:54 | Create | Villager (Male) |
| 3:34 | Build | Lumber Camp |
| 3:44 | Create | Villager (Male) |
| 3:59 | Build | Mill |
| 4:44 | Create | Villager (Male) |
| 4:44 | Create | Villager (Male) |
| 4:44 | Create | Villager (Male) |
| 6:07 | Create | Villager (Male) |
| 6:08 | Create | Villager (Male) |
| 6:08 | Create | Villager (Male) |
| 6:23 | Build | Mining Camp |
| 6:59 | Research | Feudal Age |
| 9:32 | Age | Feudal Age |
| 9:39 | Create | Villager (Male) |
| 9:40 | Create | Villager (Male) |
| 9:56 | Build | Market |
| 10:00 | Build | Blacksmith |
| 10:06 | Research | Double-Bit Axe |
| 10:31 | Create | Villager (Male) |
| 10:48 | Research | Castle Age |
| 11:02 | Build | House |
| 11:03 | Build | House |
| 11:04 | Build | House |
| 11:06 | Build | House |
| 11:08 | Build | House |
| 12:05 | Create | Villager (Male) |
| 12:05 | Create | Villager (Male) |
| 12:06 | Create | Villager (Male) |
| 12:06 | Create | Villager (Male) |
| 13:16 | Build | Farm |
| 13:16 | Build | Farm |
| 13:16 | Build | Farm |
| 13:17 | Build | Farm |
| 13:17 | Build | Farm |
| 13:18 | Build | Farm |
| 13:36 | Age | Castle Age |
| 14:00 | Build | Town Center |
| 14:37 | Build | Castle |
| 15:14 | Create | Villager (Male) |
| 15:14 | Create | Villager (Male) |
| 15:15 | Create | Villager (Male) |
| 15:15 | Create | Villager (Male) |
| 15:24 | Build | House |
| 15:27 | Build | House |
| 15:27 | Build | House |
| 15:43 | Create | Conquistador |
| 15:43 | Create | Conquistador |
| 15:50 | Build | Siege Workshop |
| 15:58 | Create | Villager (Male) |
| 15:59 | Create | Villager (Male) |
| 15:59 | Create | Villager (Male) |
| 15:59 | Create | Villager (Male) |
| 15:59 | Create | Villager (Male) |
| 16:06 | Build | Mining Camp |
| 16:26 | Create | Battering Ram |
| 16:26 | Create | Battering Ram |
| 16:40 | Build | Lumber Camp |
| 16:47 | Build | Town Center |
| 16:52 | Create | Conquistador |
| 16:53 | Create | Conquistador |
| 16:53 | Create | Conquistador |
| 16:57 | Create | Battering Ram |
| 16:57 | Create | Battering Ram |
| 17:05 | Build | Barracks |
| 17:10 | Create | Villager (Male) |
| 17:17 | Create | Villager (Male) |
| 17:17 | Create | Villager (Male) |
| 17:17 | Create | Villager (Male) |
| 17:20 | Create | Villager (Male) |
| 17:20 | Create | Villager (Male) |
| 17:20 | Create | Villager (Male) |
| 17:20 | Create | Villager (Male) |
| 17:31 | Build | Farm |
| 17:32 | Build | Farm |
| 17:42 | Build | Stable |
| 18:03 | Create | Conquistador |
| 18:04 | Create | Conquistador |
| 18:04 | Create | Conquistador |
| 18:04 | Create | Conquistador |
| 18:46 | Research | Husbandry |
| 18:46 | Research | Bloodlines |
| 18:52 | Build | Stable |
| 18:53 | Build | Stable |
| 19:00 | Create | Battering Ram |
| 19:00 | Create | Battering Ram |
| 19:14 | Create | Villager (Male) |
| 19:14 | Create | Villager (Male) |
| 19:14 | Create | Villager (Male) |
| 19:19 | Create | Villager (Male) |
| 19:19 | Create | Villager (Male) |
| 19:22 | Build | Farm |
| 19:23 | Build | Farm |
| 19:24 | Build | Farm |
| 20:32 | Research | Light Cavalry (upgrade) |
| 20:37 | Create | Scout Cavalry |
| 20:37 | Create | Scout Cavalry |
| 20:37 | Create | Scout Cavalry |
| 20:45 | Create | Villager (Male) |
| 20:45 | Create | Villager (Male) |
| 20:47 | Create | Villager (Male) |
| 20:47 | Create | Villager (Male) |
| 20:53 | Build | Farm |
| 20:54 | Build | Farm |
| 20:54 | Build | Farm |
| 20:54 | Build | Farm |
| 21:29 | Create | Scout Cavalry |
| 21:29 | Create | Scout Cavalry |
| 21:30 | Create | Scout Cavalry |
| 21:30 | Create | Scout Cavalry |
| 21:53 | Create | Villager (Male) |
| 21:53 | Create | Villager (Male) |
| 21:54 | Create | Villager (Male) |
| 21:54 | Create | Villager (Male) |
| 21:54 | Create | Villager (Male) |
| 21:54 | Create | Villager (Male) |
| 21:55 | Create | Villager (Male) |
Match timeline
| 7:34 | aRiPeiCh · first_building Barracks |
| 9:32 | MsR money · age_up feudal |
| 10:00 | arda9781 · age_up feudal |
| 10:49 | Ing.Shamer · age_up feudal |
| 10:52 | Mighty_Gachiman「兄貴」 · age_up feudal |
| 11:18 | MAOC DSW · first_building Barracks |
| 11:29 | tobenderwolf05 · age_up feudal |
| 11:43 | young bulvės · first_building Barracks |
| 11:52 | MAOC DSW · age_up feudal |
| 12:35 | young bulvės · age_up feudal |
| 12:42 | aRiPeiCh · age_up feudal |
| 12:59 | MAOC DSW · wall_segment Stone Wall x7 |
| 13:05 | young bulvės · wall_segment Stone Wall x5 |
| 13:12 | MAOC DSW · wall_segment Stone Wall x15 |
| 13:22 | young bulvės · wall_segment Stone Wall x12 |
| 13:33 | young bulvės · wall_segment Stone Wall x11 |
| 13:36 | MsR money · age_up castle |
| 13:40 | Mighty_Gachiman「兄貴」 · first_building Barracks |
| 13:42 | tobenderwolf05 · first_building Barracks |
| 14:23 | MsR money · first_market_buy 100 stone |
| 14:37 | MsR money · first_building Castle |
| 15:10 | MAOC DSW · wall_segment Stone Wall x10 |
| 15:18 | Ing.Shamer · first_building Barracks |
| 15:21 | tobenderwolf05 · first_building Archery Range |
| 15:42 | young bulvės · wall_segment Stone Wall x17 |
| 15:50 | MsR money · first_building Siege Workshop |
| 16:14 | Ing.Shamer · first_building Archery Range |
| 17:05 | MsR money · first_building Barracks |
| 17:19 | Ing.Shamer · age_up castle |
| 17:24 | Ing.Shamer · first_building Siege Workshop |
| 17:32 | tobenderwolf05 · age_up castle |
| 17:42 | MsR money · first_building Stable |
| 17:43 | Mighty_Gachiman「兄貴」 · first_market_buy 100 food |
| 18:26 | MAOC DSW · first_building Stable |
| 18:58 | aRiPeiCh · first_building Archery Range |
| 19:07 | tobenderwolf05 · first_market_buy 100 wood |
| 19:11 | MAOC DSW · first_building Archery Range |
| 19:36 | arda9781 · first_building Barracks |
| 19:43 | aRiPeiCh · wall_segment Stone Wall x9 |
| 19:48 | arda9781 · age_up castle |
| 20:04 | Mighty_Gachiman「兄貴」 · first_market_sell 500 wood |
| 20:20 | Ing.Shamer · resign |
| 20:51 | young bulvės · first_building Archery Range |
| 20:58 | arda9781 · first_building Archery Range |
| 21:06 | arda9781 · first_building Castle |
| 21:32 | Mighty_Gachiman「兄貴」 · age_up castle |
| 21:42 | young bulvės · age_up castle |
| 21:53 | young bulvės · first_market_buy 100 stone |
| 22:11 | young bulvės · first_building Castle |
[ AI ANALYSIS · 1 CREDIT ]
What really happened in this match?
Wolo.gg analyzes every decision: build order, eco, micro, common mistakes by bracket. Personalized analysis on WhatsApp or Discord in 30 seconds.
Civ guide
Goths
Perfil
Jugador #1111000